 Dungeon Crawl Stone Soup version 0.21.0-26-g889b8f6872 (webtiles) character file.

882 Peloso the Slasher (level 7, -23/61 HPs)
             Began as a Minotaur Fighter on Jan 28, 2018.
             Engulfed by a cloud of flame (24 damage)
             ... on level 1 of the Dungeon.
             The game lasted 00:08:37 (4318 turns).

Peloso the Slasher (Minotaur Fighter)               Turns: 4318, Time: 00:08:37

Health: -23/61     AC:  9    Str: 21    XL:     7   Next: 76%
Magic:  6/6        EV:  9    Int:  5    God:
Gold:   238        SH: 10    Dex: 11    Spells: 6/6 levels left

rFire    . . .     SeeInvis .   a - +0 long sword
rCold    . . .     Gourm    .   c - +0 shield
rNeg     . . .     Faith    .   b - +0 scale mail
rPois    .         Spirit   .   (helmet restricted)
rElec    .         Reflect  .   (no cloak)
rCorr    .         Harm     .   q - -1 pair of gloves (curse)
MR       .....                  t - +0 pair of boots
Stlth    ..........             (no amulet)
HPRegen  0.20/turn              (no ring)
MPRegen  0.10/turn              (no ring)

@: no status effects
A: retaliatory headbutt, horns 2
a: no special abilities


You were on level 1 of the Dungeon.
You were not hungry.

You visited 1 branch of the dungeon, and saw 5 of its levels.

You collected 238 gold pieces.

Inventory:

Hand Weapons
 a - a +0 long sword (weapon)
Armour
 b - a +0 scale mail (worn)
 c - a +0 shield (worn)
 q - a cursed -1 pair of gloves (worn)
 t - a +0 pair of boots (worn)
Scrolls
 g - 5 scrolls of identify {unknown}
 k - 3 scrolls of blinking {unknown}
 l - 7 scrolls of teleportation {unknown}
 m - 2 scrolls of fear {unknown}
 n - 2 scrolls of amnesia {unknown}
 p - 2 scrolls of immolation {unknown}
 r - 2 scrolls of remove curse {unknown}
 u - a scroll of magic mapping {unknown}
 w - a scroll of fog {unknown}
 x - a scroll of enchant armour {unknown}
Potions
 d - a potion of might
 e - 2 potions of cancellation
 h - 2 potions of ambrosia {unknown}
 i - 3 potions of flight {unknown}
 j - 2 potions of lignification {unknown}
 o - 2 potions of berserk rage {unknown}
 s - 3 potions of curing {unknown}
 v - a potion of resistance {unknown}
Comestibles
 f - 11 rations


   Skills:
 + Level 5.1 Fighting
 + Level 6.8 Long Blades
 + Level 6.0 Armour
 + Level 1.9 Dodging
 + Level 0.1 Stealth
 + Level 6.4 Shields


You had 6 spell levels left.
You didn't know any spells.

Dungeon Overview and Level Annotations

Branches:
Dungeon (5/15)
 Temple: D:4-7

Altars:
Dithmenos
Ru
Yredelemnul


Innate Abilities, Weirdness & Mutations

You reflexively headbutt those who attack you in melee.
You have a pair of horns on your head.


Message History

There is a stone staircase leading down here.
There is a stone staircase leading down here.
You enter the shallow water.
Moving in this stuff is going to be slow.
Things that are here:
a short sword; a club You are starving!
You eat one of the 12 rations.
That ration really hit the spot!
Really walk into a travel-excluded area?
You are engulfed in blazing flames.
You are engulfed in blazing flames.
You see here a gold piece.
You now have 238 gold pieces (gained 1).
You are engulfed in blazing flames.
* * * LOW HITPOINT WARNING * * *
You are engulfed in blazing flames.
* * * LOW HITPOINT WARNING * * *
It was a potion of cancellation.
You feel magically purged.
You are engulfed in blazing flames.
You die...

#.# ###. #.# #.#. #.# #.#.
#############.# ######.#
#.............# #...####
#.######.####.# #.######
#.# #...# ### #.....≈≈ #.#
#§§§# #..#≈>.. #.# #§§@#
#..#§≈§≈ #.# #§§§#
#..##### #.#####...#####
#..# #. #..§.§...?.§.§.##
#..# ##.
#..§§§.....§§§..###..###.#
##.§§§..!..§§§..........##
######...#########.####.#
#§§§# #.# ##. #§§§#
#####.####..


There were no monsters in sight!

Vanquished Creatures
  2 sky beasts (D:5)
  An ogre (D:4)
  A phantom (D:4)
  A water moccasin skeleton (D:2)
  2 scorpions (D:5)
  A howler monkey (D:5)
  A hound (D:5)
  An orc priest (D:3)
  A bullfrog skeleton (D:4)
  A centaur skeleton (D:4)
  An iguana (D:4)
  A hound skeleton (D:4)
  Robin (D:2)
  6 adders
  2 oozes
  3 worms
  4 leopard geckos
  8 orcs (D:3)
  A ball python (D:2)
  7 giant cockroaches
  12 goblins
  10 hobgoblins
  7 jackals
  A quokka (D:5)
  5 bats
  4 frilled lizards
  A jackal skeleton (D:5)
  11 kobolds
  7 rats
  A spectral orc (D:2)
105 creatures vanquished.

Vanquished Creatures (others)
  An ooze (D:1)
1 creature vanquished.

Grand Total: 106 creatures vanquished

Notes
Turn   | Place    | Note
-------+----------+-------------------------------------------
     0 | D:1      | Peloso the Minotaur Fighter began the quest for the Orb.
     0 | D:1      | Reached XP level 1. HP: 19/19 MP: 0/0
   126 | D:1      | Reached XP level 2. HP: 18/27 MP: 1/1
   459 | D:1      | Reached XP level 3. HP: 33/33 MP: 2/2
  1339 | D:2      | Noticed Robin
  1354 | D:2      | Reached XP level 4. HP: 27/40 MP: 3/3
  1367 | D:2      | Killed Robin
  1446 | D:2      | Reached XP level 5. HP: 21/46 MP: 4/4
  2007 | D:2      | Found a basalt altar of Yredelemnul.
  2086 | D:3      | Found a faded altar of an unknown god.
  2409 | D:3      | Reached skill level 1 in Dodging
  2881 | D:4      | Reached skill level 5 in Long Blades
  2891 | D:4      | Found a shadowy altar of Dithmenos.
  2961 | D:4      | Reached XP level 6. HP: 53/53 MP: 5/5
  3027 | D:4      | Reached skill level 5 in Armour
  3027 | D:4      | Reached skill level 5 in Shields
  3123 | D:4      | Reached XP level 7. HP: 19/60 MP: 6/6
  3336 | D:5      | Entered Level 5 of the Dungeon
  3404 | D:5      | Reached skill level 5 in Fighting
  3904 | D:5      | Found a sacrificial altar of Ru.
  4317 | D:1      | HP: 1/61 [something (17)]
  4318 | D:1      | Engulfed by a cloud of flame

Skill      XL: |  1  2  3  4  5  6  7 |
---------------+----------------------+-----
Shields        | 4 5 6 |  6.4
Fighting       | 4 5 |  5.1
Long Blades    | 3 4 5 6 |  6.8
Armour         | 4 5 6 |  6.0
Dodging        | 1 |  1.9
Stealth        | |  0.1

Action                   |  1- 3 |  4- 6 |  7- 9 || total
-------------------------+-------+-------+-------++-------
Melee: Long sword        |    88 |   154 |    64 ||   306
       Headbutt          |     6 |    25 |    11 ||    42
  Use: Potion            |       |       |     1 ||     1
  Eat: Chunk             |     1 |     6 |     2 ||     9
       Ration            |       |       |     1 ||     1
Armor: Scale mail        |    52 |    63 |    34 ||   149
Dodge: Dodged            |    23 |    49 |    21 ||    93
Block: Shield            |    51 |    77 |    36 ||   164
       Rpst.: Long sword |     6 |    10 |     7 ||    23
